 Dungeon Crawl Stone Soup version 0.29-a0-323-g050149af67 (webtiles) character file.

Game seed: 14929864589637526874

10 Jortsu the Skirmisher (level 2, 24/24 HPs)
             Began as a Demonspawn Fighter on Apr 12, 2022.
             Quit the game on level 1 of the Dungeon.
             The game lasted 00:00:23 (492 turns).

Jortsu the Skirmisher (Demonspawn Fighter)           Turns: 492, Time: 00:00:23

Health: 24/24      AC:  6    Str: 16    XL:     2   Next: 10%
Magic:  2/2        EV:  8    Int:  9    God:
Gold:   15         SH:  4    Dex: 12    Spells: 1/1 levels left

rFire   . . .      SeeInvis .   a - +0 war axe
rCold   . . .      Faith    .   c - +0 buckler
rNeg    . . .      Spirit   .   b - +0 scale mail
rPois   .          Reflect  .   (no helmet)
rElec   .          Harm     .   (no cloak)
rCorr   .          Rampage  .   (no gloves)
Will    .....                   (no boots)
Stlth   ..........              (no amulet)
HPRegen 0.08/turn               (no ring)
MPRegen 0.08/turn               (no ring)

@: no status effects
A: claws 1
a: no special abilities


You were on level 1 of the Dungeon.
You visited 1 branch of the dungeon, and saw 1 of its levels.

You collected 15 gold pieces.

Inventory:

Hand Weapons
 a - a +0 war axe (weapon)
Armour
 b - a +0 scale mail (worn)
 c - a +0 buckler (worn)
Scrolls
 f - a scroll of teleportation {unknown}
 h - a scroll of identify {unknown}
Potions
 d - a potion of might
 e - a potion of heal wounds {unknown}
 g - a potion of curing {unknown}


   Skills:
 + Level 3.2 Fighting
 + Level 1.7 Axes
 + Level 2.9 Armour
 + Level 2.8 Shields


You had one spell level left.
You didn't know any spells.
Your spell library was empty.

Dungeon Overview and Level Annotations

Branches:
Dungeon (1/15)

Altars:


Innate Abilities, Weirdness & Mutations

You have sharp fingernails.


Message History

The jackal barely misses you. The jackal closely misses you.
You block the jackal's attack.
You slash the jackal!
You kill the jackal!
You hit the jackal. The jackal closely misses you.
The jackal bites you but does no damage. x2
You slash the jackal!
You kill the jackal!
You closely miss the jackal.
The jackal bites you but does no damage. x2
The jackal completely misses you.
You closely miss the jackal. You barely miss the jackal.
You block the jackal's attack.
The jackal bites you but does no damage.
The jackal bites you. The jackal barely misses you.
You closely miss the jackal. x2; You block the jackal's attack.
The jackal closely misses you. The jackal bites you. x2
You closely miss the jackal. You miss the jackal.
The jackal pauses to sniff the ground.
The jackal bites you but does no damage. x2
The jackal bites you. The jackal barely misses you.
You barely miss the jackal. x2; The jackal completely misses you.
The jackal bites you but does no damage.
The jackal closely misses you. You block the jackal's attack.
You closely miss the jackal. You hit the jackal.
You kill the jackal!
The jackal bites you but does no damage. x2
You have reached level 2!
Your demonic ancestry asserts itself...
Your fingernails lengthen.
You hit the jackal.
The jackal is moderately wounded.
The jackal closely misses you. The jackal completely misses you.
You slash the jackal!
You kill the jackal!
Things that are here:
a jackal corpse; a jackal corpse You now have 15 gold pieces.
Found 20 stones.
Are you sure you want to abandon this character and quit the game? (Confirm with "yes".)

..........##....###.....##
.........#≈#..#..######..#
#.......#≈≈#..##..# ##.##
####.#######.. #.# #..#
... .#######.# (.... #.##
... #..# ####.# ##.#
#..@.# #.# #.#### ##.##
#.# ##...# #.# ####..###
.######.######.†.†##
...............####
#####...######## ###..
#.##


There were no monsters in sight!

Vanquished Creatures
  2 hobgoblins (D:1)
  4 jackals (D:1)
  3 ball pythons (D:1)
9 creatures vanquished.

Notes
Turn   | Place    | Note
-------+----------+-------------------------------------------
     0 | D:1      | Jortsu the Demonspawn Fighter began the quest for the Orb.
     0 | D:1      | Reached XP level 1. HP: 18/18 MP: 1/1
   356 | D:1      | Gained mutation: You have sharp fingernails. [demonic
                  | ancestry]
   356 | D:1      | Reached XP level 2. HP: 14/24 MP: 2/2
   492 | D:1      | Quit the game

Illustrated notes

Levels and vault maps discovered:
D:1:      psy_arrival_dodecagon, layout_rooms

Action                   || total
-------------------------++-------
Melee: War axe           ||    19
Armor: Scale mail        ||    16
Dodge: Dodged            ||    22
Block: Buckler           ||    10

Table legend: (Time is in decaauts)
 A = Elapsed time spent in this place.
 B = Non-inter-level travel time spent in this place.
 C = Inter-level travel time spent in this place.
 D = Time resting spent in this place.
 E = Time spent auto-exploring this place.
 F = Levels seen in this place.
 G = Mean time per level.
                   A        B        C        D        E       F      G
               +--------+--------+--------+--------+--------+-----+--------+
         Total |    500 |    500 |      0 |    266 |    186 |   1 |  500.0 |
       Dungeon |    500 |    500 |      0 |    266 |    186 |   1 |  500.0 |
               +--------+--------+--------+--------+--------+-----+--------+

Top non-repeatable levels by time:
     D:1: 500 daAuts
